 Dungeon Crawl Stone Soup version 0.27.0-1-g7a089689b8 (webtiles) character file.

Game seed: 11881435227853338337

4243 butteredtoast the Grappler (level 10, -3/104 HPs)
             Began as a Troll Monk on Aug 5, 2021.
             Was a Believer of Qazlal.
             Killed from afar by a lindwurm (28 damage)
             ... with a blast of flame
             ... on level 8 of the Dungeon.
             The game lasted 00:18:08 (5844 turns).

butteredtoast the Grappler (Troll Monk)             Turns: 5844, Time: 00:18:09

Health: -3/104     AC:  7    Str: 24    XL:     10   Next: 9%
Magic:  0/9        EV:  7    Int:  6    God:    Qazlal [**....]
Gold:   287        SH: 18    Dex: 12    Spells: 7/9 levels left

rFire    . . .     SeeInvis .     - Unarmed
rCold    . . .     Faith    .   l - +0 tower shield
rNeg     . . .     Spirit   +   a - +0 robe
rPois    .         Reflect  .   t - +2 hat
rElec    .         Harm     .   C - +0 cloak
rCorr    .         Rampage  .   (gloves unavailable)
Will     .....                  (boots unavailable)
Stlth    +.........             r - amulet of guardian spirit
HPRegen  1.27/turn              e - ring of flight
MPRegen  0.11/turn              (no ring)

@: flying
A: large, unfitting armour, claws 3, regeneration 1, shaggy fur 1, tough skin 1
a: Renounce Religion, Upheaval


You were on level 8 of the Dungeon.
You worshipped Qazlal.
Qazlal was pleased with you.
You visited 2 branches of the dungeon, and saw 9 of its levels.
You also visited: Sewer.

You collected 287 gold pieces.

Inventory:

Missiles
 B - 5 throwing nets (quivered)
Armour
 a - a +0 robe (worn)
 l - a +0 tower shield (worn)
 t - a +2 hat (worn)
 C - a +0 cloak (worn)
Jewellery
 e - a ring of flight (left claw)
 r - an amulet of guardian spirit (around neck)
 J - a ring of protection from fire
Wands
 m - a wand of digging (5)
 q - a wand of flame (19)
 u - a wand of iceblast (31)
 x - a wand of paralysis (16)
 K - a wand of charming (14)
Scrolls
 b - a scroll of noise
 h - a scroll of enchant armour
 i - a scroll of magic mapping
 j - 3 scrolls of identify
 s - a scroll of silence {unknown}
 v - a scroll of teleportation {unknown}
 y - a scroll of acquirement {unknown}
 A - a scroll of fear {unknown}
 D - a scroll of immolation {unknown}
 E - a scroll of amnesia {unknown}
 G - a scroll of vulnerability {unknown}
 I - a scroll of holy word {unknown}
Potions
 c - 3 potions of curing
 d - a potion of might
 f - 2 potions of brilliance
 g - a potion of haste
 k - 3 potions of flight
 n - a potion of mutation
 o - 3 potions of lignification
 p - 2 potions of magic
 w - a potion of cancellation {unknown}
 z - a potion of heal wounds
 F - 2 potions of attraction {unknown}
 H - a potion of resistance {unknown}


   Skills:
 + Level 7.7 Fighting
 - Level 3.3 Dodging
 - Level 1.0 Stealth
 + Level 6.3 Shields
 + Level 9.2 Unarmed Combat
 - Level 0.1 Transmutations
 + Level 0.0 Invocations


You had 7 spell levels left.
You knew the following spells:

 Your Spells              Type           Power      Damage    Failure   Level
a - Wereblood             Tmut           0%         N/A       99%         2

Your spell library contained the following spells:

 Spells                   Type           Power      Damage    Failure   Level
 Sublimation of Blood     Necr           0%         N/A       99%         2
 Summon Hydra             Summ           0%         N/A       100%        7


Dungeon Overview and Level Annotations

Branches:
Dungeon (8/15)             Temple (1/1) D:7           Sewer (visited)
   Lair: D:8-11

Altars:
Ashenzari
Cheibriados
Elyvilon
Fedhas
Gozag
Hepliaklqana
Kikubaaqudgha
Makhleb
Nemelex Xobeh
Okawaru
Qazlal
Ru
Trog
Vehumet
Wu Jian
Xom
Yredelemnul
Zin
The Shining One
Lugonu

Shops:
D:3 (


Innate Abilities, Weirdness & Mutations

You are too large for most types of armour.
You have claws for hands.
Your natural rate of healing is unusually fast.
You are covered in fur. (AC +1)
You have tough skin. (AC +1)


Message History

HP restored.
You hear the faint creaking of a very distant portcullis.
j - 2 scrolls of identify (gained 1)
You hear a roar! x4
j - 3 scrolls of identify (gained 1)
A lindwurm comes into view. x2
The lindwurm breathes flames at you. The blast of flame hits you!!
The lindwurm breathes flames at you. The blast of flame hits you!!
You hear a roar!
A lindwurm comes into view.
You hear a roar!
You scratch the lindwurm but do no damage.
The lindwurm breathes flames at you. The blast of flame hits you!!
You hear a sizzling sound!
The lindwurm breathes flames at you. The blast of flame hits you!!
* * * LOW HITPOINT WARNING * * *
You block the lindwurm's attack. The lindwurm claws you.
* * * LOW HITPOINT WARNING * * *
You block the lindwurm's attack. x2; The lindwurm barely misses you.
The lindwurm claws you but does no damage.
As you read the scroll labelled FOLENEEKIL, it crumbles to dust.
It is a scroll of enchant armour.
Your +1 hat glows green for a moment.
You block the lindwurm's attack. The lindwurm barely misses you.
You block the lindwurm's attack.
The lindwurm bites you but does no damage.
You block the lindwurm's attack.
The lindwurm claws you but does no damage.
As you read the scroll labelled VAORAJEETT, it crumbles to dust.
You feel aware of your surroundings.
You sensed 1 shop/portal.
It was a scroll of magic mapping.
The lindwurm bites you but does no damage.
The lindwurm claws you but does no damage.
The lindwurm barely misses you. The lindwurm breathes flames at you.
The blast of flame hits you!!
You die...

*,* #........#####*# *,*
*,**##.....§§.....### *,*
*,,........§≈§......#* *,*
*,*.....≈≈≈§§§§§..§..#**,*
*,,,..§§§≈≈≈≈§≈§§§.....,,*
*,,.§≈≈§≈≈≈≈§§§§§§§§..#*,*
*,,.≈≈§§≈≈≈≈§§§≈≈§≈§...*,**
*,,.≈≈≈§≈§kk.§§≈§≈≈§...,*,*
*,,§§§§§.k@##...≈≈§≈≈..***,
**,,≈§≈≈≈..####..≈§§≈§.,****
*,,,§≈≈≈..#,,,,#..§≈≈≈,,,**,
*,,≈≈§≈≈.#*,>,,*#.≈≈≈§≈,,*,,
*,,≈≈§≈≈.**,,,,**.≈§≈≈≈,,,*,
*,,,≈≈≈§,,*,,,,*,.§§≈≈,,,,*,
**,,§§≈≈≈,,****,,≈§≈≈≈,,,,*,
*,,§≈≈≈≈,,,**,,,≈≈≈≈≈,,*,**
*,,,≈≈≈≈≈≈,,,,≈≈≈≈≈≈,,,,,,,


You could see 3 lindwurms.

Vanquished Creatures
  Harold (D:7)
  Pikel (D:5)
  A cyclops (D:7)
  Eustachio (D:4)
  Duvessa (D:6)
  An orc warrior (D:5)
  A sky beast (D:5)
  3 necrophages
  3 ogres
  A black bear (D:6)
  2 centaurs
  3 lemures (D:5)
  A phantom (D:6)
  A kobold brigand (Sewer)
  4 scorpions
  2 wyvern zombies (D:5)
  Dowan (D:6)
  A water moccasin skeleton (D:6)
  A gnoll shaman (D:5)
  3 hounds
  A jelly (D:7)
  Crazy Yiuf (D:6)
  2 bullfrog skeletons
  2 centaur skeletons
  2 orc priests
  Ijyb (D:5)
  6 iguanas
  3 orc wizards
  A killer bee zombie (D:7)
  A hound skeleton (D:5)
  A howler monkey zombie (D:8)
  6 gnolls
  Robin (D:3)
  11 adders
  A river rat (Sewer)
  2 shadow imps (D:7)
  2 white imps
  3 ufetubi
  An adder zombie (D:5)
  A dart slug (D:2)
  5 worms
  10 orcs
  14 bats
  6 endoplasms
  A giant cockroach (D:4)
  11 goblins
  7 hobgoblins
  4 jackals
  9 kobolds
  2 quokkas
  10 ball pythons
  4 frilled lizards
  13 rats
178 creatures vanquished.

Vanquished Creatures (others)
  A demonic plant (Temple)
1 creature vanquished.

Grand Total: 179 creatures vanquished

Notes
Turn   | Place    | Note
-------+----------+-------------------------------------------
     0 | D:1      | butteredtoast the Troll Monk began the quest for the Orb.
     0 | D:1      | Reached XP level 1. HP: 22/22 MP: 0/0
   120 | D:1      | Reached XP level 2. HP: 29/29 MP: 1/1
   711 | D:2      | Reached XP level 3. HP: 31/36 MP: 2/2
  1026 | D:2      | Reached XP level 4. HP: 45/45 MP: 3/3
  1217 | D:3      | You are sucked into a shaft and drop 2 floors!
  1217 | D:5      | Entered Level 5 of the Dungeon
  1275 | D:5      | Noticed a sky beast
  1292 | D:5      | Killed a sky beast
  1293 | D:5      | Reached skill level 4 in Unarmed Combat
  1293 | D:5      | Reached XP level 5. HP: 33/53 MP: 4/4
  1373 | D:4      | Found a glowing drain.
  1377 | Sewer    | Entered a sewer
  1518 | Sewer    | Found a white marble altar of Elyvilon.
  1671 | D:4      | Reached XP level 6. HP: 59/62 MP: 5/5
  1753 | D:4      | Found a glowing silver altar of Zin.
  1804 | D:4      | Learned a level 2 spell: Wereblood
  1838 | D:4      | Reached skill level 5 in Unarmed Combat
  2032 | D:4      | Noticed Eustachio
  2042 | D:4      | Killed Eustachio
  2043 | D:4      | Reached skill level 1 in Shields
  2068 | D:4      | Reached XP level 7. HP: 70/71 MP: 6/6
  2178 | D:5      | Found an iron altar of Okawaru.
  2240 | D:5      | Found a glowing golden altar of the Shining One.
  2245 | D:5      | Noticed Ijyb
  2262 | D:5      | Killed Ijyb
  2419 | D:5      | Found a large runed translucent door.
  2419 | D:5      | Found a large runed translucent door.
  2432 | D:5      | Found a basalt altar of Yredelemnul.
  2439 | D:5      | Reached skill level 6 in Unarmed Combat
  2446 | D:5      | Found a broken altar of Ashenzari.
  2498 | D:5      | Reached skill level 5 in Fighting
  2585 | D:5      | Noticed Pikel
  2645 | D:5      | Killed Pikel
  2646 | D:5      | Reached XP level 8. HP: 76/83 MP: 5/7
  2780 | D:5      | Reached skill level 7 in Unarmed Combat
  3299 | D:6      | Reached XP level 9. HP: 91/91 MP: 8/8
  3460 | D:6      | You are sucked into a shaft and drop 1 floor!
  3824 | D:6      | Found a runed translucent door.
  3825 | D:6      | Noticed Crazy Yiuf
  3834 | D:6      | Killed Crazy Yiuf
  3881 | D:6      | Noticed Dowan
  3883 | D:6      | Noticed Duvessa
  3897 | D:6      | Killed Duvessa
  3898 | D:6      | Reached skill level 5 in Shields
  3898 | D:6      | Reached skill level 8 in Unarmed Combat
  3904 | D:6      | Killed Dowan
  4386 | D:3      | Noticed Robin
  4390 | D:3      | Killed Robin
  4414 | D:3      | Found a blossoming altar of Fedhas.
  4577 | D:3      | Found a snail-covered altar of Cheibriados.
  4651 | D:3      | Found a burning altar of Makhleb.
  4688 | D:3      | Found Ilex Ham's Weapon Boutique.
  5244 | D:7      | Noticed a cyclops
  5285 | D:7      | Killed a cyclops
  5343 | D:7      | Found a sparkling altar of Nemelex Xobeh.
  5350 | D:7      | Found a radiant altar of Vehumet.
  5547 | D:7      | Noticed Harold
  5561 | D:7      | Killed Harold
  5562 | D:7      | Reached skill level 9 in Unarmed Combat
  5562 | D:7      | Reached XP level 10. HP: 61/104 MP: 4/9
  5618 | D:7      | Found a staircase to the Ecumenical Temple.
  5628 | Temple   | Entered the Ecumenical Temple
  5645 | Temple   | Became a worshipper of Qazlal Stormbringer
  5645 | Temple   | Reached * piety under Qazlal
  5645 | Temple   | Reached ** piety under Qazlal
  5838 | D:8      | Noticed a lindwurm
  5838 | D:8      | Noticed a lindwurm
  5840 | D:8      | Noticed a lindwurm
  5844 | D:8      | Killed from afar by a lindwurm

Illustrated notes

Levels and vault maps discovered:
D:1:      lightli_molten_gateway, layout_loops_ring, minmay_hexomino_u4
D:2:      layout_basic
D:3:      layout_basic, bloody_makhleb, fedhas_altar_2, slow_altar_1,
          serial_shops, shop, corexii_hall_statues_x, corexii_hall_statues_t,
          st_stairs_5, patterned_corridor, uniq_robin
D:4:      layout_basic, lemuel_round_altar, gup_sewer_entry_bowl, uniq_eustachio
D:5:      layout_basic, okawaru_gym_becter, jmf_multi_god_temple2,
          mainiacjoe_overflow_alcove_2, minmay_misc_feat_tiny, uniq_ijyb,
          uniq_pikel
D:6:      layout_loops_corners, eino_tiny_chamber, grunt_ministairs_13,
          chequers_avenue, uniq_duvessa, uniq_crazy_yiuf_cottage
D:7:      layout_rooms, mainiacjoe_overflow_big_doors, minmay_temple_entry_tees,
          uniq_harold
D:8:      layout_loops_ring, enter_bailey_3,
          hangedman_abyss_or_decor_jellyfish_corner, minmay_lindwurm_lava
Temple:   corrupted_temple

Skill      XL: |  1  2  3  4  5  6  7  8  9 |
---------------+----------------------------+-----
Fighting       | 3 4 5 6 7 |  7.7
Dodging        | 3 |  3.3
Unarmed Combat | 4 5 6 7 9 |  9.2
Shields        | 1 3 4 6 |  6.3
Stealth        | |  1.0
Transmutations | |  0.1

Action                   |  1- 3 |  4- 6 |  7- 9 | 10-12 || total
-------------------------+-------+-------+-------+-------++-------
Melee: Unarmed           |    96 |    98 |   373 |     6 ||   573
       Punch             |       |     1 |       |       ||     1
  Use: Scroll            |       |       |     7 |     2 ||     9
       Potion            |       |       |     1 |       ||     1
 Stab: Sleeping          |     6 |     5 |     3 |       ||    14
Armor: Robe              |    34 |    27 |    59 |     5 ||   125
Dodge: Dodged            |    53 |    39 |    48 |     3 ||   143
Block: Tower shield      |       |    24 |   276 |     9 ||   309
